 Dungeon Sprint DCSS version 0.29.1-4-g47bece8355 (webtiles) character file.

Game seed: 16941270358069759965

880 boopmooplesden the Carver (level 7, -11/78 HPs)
             Began as a Minotaur Berserker on Dec 6, 2022.
             Was a Priest of Trog.
             Mangled by a red devil
             ... wielding a +0 trident
             ... summoned by a kobold demonologist
              (19 damage)
             ... in the Dungeon (Sprint I: "Red Sonja").
             The game lasted 00:01:29 (1590 turns).

boopmooplesden the Carver (Minotaur Berserker)      Turns: 1590, Time: 00:01:30

Health: -11/78     AC:  6    Str: 24    XL:     7   Next: 75%
Magic:  6/6        EV: 12    Int:  4    God:    Trog [***...]
Gold:   345        SH:  0    Dex:  9    Spells: 6/6 levels left

rFire   . . .      SeeInvis .   a - +0 falchion
rCold   . . .      Faith    .   (no shield)
rNeg    . . .      Spirit   .   j - +0 ring mail
rPois   .          Reflect  .   (helmet restricted)
rElec   .          Harm     .   (no cloak)
rCorr   .          Rampage  .   (no gloves)
Will    .....      NoTele   +   (no boots)
Stlth   +.........              (no amulet)
HPRegen 0.23/turn               (no ring)
MPRegen 0.10/turn               (no ring)

@: spiked, on berserk cooldown, slowed, very slow
A: horns 2, retaliatory headbutt
a: Renounce Religion, Berserk, Trog's Hand


You were in the Dungeon.
You worshipped Trog.
Trog was most pleased with you.
You visited 1 branch You collected 405 gold pieces.
You spent 60 gold pieces at shops.

Inventory:

Hand Weapons
 a - a +0 falchion (weapon)
Armour
 b - a +0 animal skin
 j - a +0 ring mail (worn)
Wands
 i - a wand of iceblast (8)
Scrolls
 h - a scroll of blinking
 k - 2 scrolls of enchant weapon {unknown}
Potions
 c - a potion of curing
 e - a potion of haste
 f - 2 potions of magic
 g - a potion of berserk rage


   Skills:
 + Level 12.7 Fighting
 + Level 12.8 Long Blades
 + Level 8.3 Armour
 + Level 6.7 Dodging
 + Level 0.5 Stealth


You had 6 spell levels left.
You didn't know any spells.
Your spell library was empty.

Dungeon Overview and Level Annotations

Branches:
Dungeon (1/1)

Altars:
Cheibriados
Dithmenos
Elyvilon
Fedhas
Gozag
Hepliaklqana
Kikubaaqudgha
Makhleb
Nemelex Xobeh
Okawaru
Qazlal
Ru
Sif Muna
Trog
Uskayaw
Vehumet
Wu Jian
Xom
Yredelemnul
Zin
The Shining One
Jiyva
Lugonu

Shops:
D !


Innate Abilities, Weirdness & Mutations

You have a pair of horns on your head.
You reflexively headbutt those who attack you in melee.


Message History

The kobold demonologist is severely wounded.
The kobold demonologist hits you with a +0 dagger.
* * * LOW HITPOINT WARNING * * *
The hellwing misses you. The hellwing barely misses you.
The shadow imp barely misses you.
The iron imp hits you but does no damage.
The red devil hits you from afar with a +0 trident.
* * * LOW HITPOINT WARNING * * *
Barbed spikes become lodged in your body.
Unknown command.
You feel much better.
The kobold demonologist looks satisfied for a moment.
The hellwing hits you!
The hellwing hits you but does no damage.
The shadow imp closely misses you. The red devil closely misses you.
The iron imp hits you!
* * * LOW HITPOINT WARNING * * *
The kobold demonologist hits you but does no damage.
The hellwing hits you but does no damage.
The hellwing hits you.
* * * LOW HITPOINT WARNING * * *
The shadow imp barely misses you.
Unknown command.
You hit the kobold demonologist.
The kobold demonologist is severely wounded.
The red devil hits you from afar with a +0 trident!
* * * LOW HITPOINT WARNING * * *
Barbed spikes become lodged in your body.
The kobold demonologist looks satisfied for a moment.
The iron imp laughs crazily.
The iron imp hits you but does no damage.
The hellwing hits you but does no damage.
The hellwing hits you.
* * * LOW HITPOINT WARNING * * *
The shadow imp hits you but does no damage.
You barely miss the kobold demonologist.
The kobold demonologist is severely wounded.
The hellwing disappears in a puff of smoke!
The red devil hits you from afar with a +0 trident!!
You die...

#####################
.').#..'..#__#.5@KG.#
.#..').#..'..'.5#§4.#
###'#####'#__####5..+
##..#...#.#### ####
_####..##.#
____##'#_.+
.∩...'..._#
..__##_.#'#
____###+#)#


You could see a kobold demonologist, a red devil (summoned), a floating eye
(charged), 2 iron imps and a shadow imp (summoned).

Vanquished Creatures
  A kobold demonologist (D)
  A slime creature (D)
  Sigmund (D)
  A yak (D)
  An ogre (D)
  A jelly (D)
  Ijyb (D)
7 creatures vanquished.

Notes
Turn   | Place    | Note
-------+----------+-------------------------------------------
     0 | D        | boopmooplesden the Minotaur Berserker began the quest for
                  | the Orb.
     0 | D        | Reached XP level 1. HP: 19/19 MP: 0/0
     3 | D        | Noticed Ijyb
    10 | D        | Killed Ijyb
    11 | D        | Reached skill level 5 in Fighting
    11 | D        | Reached skill level 5 in Long Blades
    11 | D        | Reached XP level 2. HP: 29/29 MP: 1/1
   274 | D        | Noticed an ogre
   279 | D        | Killed an ogre
   280 | D        | Reached XP level 3. HP: 13/40 MP: 2/2
   280 | D        | Reached XP level 4. HP: 16/48 MP: 3/3
   503 | D        | Noticed Sigmund
   517 | D        | Killed Sigmund
   517 | D        | Reached ** piety under Trog
   518 | D        | Reached skill level 10 in Fighting
   518 | D        | Reached skill level 5 in Armour
   518 | D        | Reached XP level 5. HP: 58/58 MP: 4/4
   518 | D        | Reached XP level 6. HP: 66/66 MP: 5/5
   661 | D        | Found an ornate altar of the Wu Jian Council.
   661 | D        | Found a shimmering blue altar of Sif Muna.
   663 | D        | Found a radiant altar of Vehumet.
   668 | D        | Reached skill level 10 in Long Blades
   668 | D        | Reached skill level 5 in Dodging
   842 | D        | Found Umautis's Distillery.
   842 | D        | Found an ancient bone altar of Kikubaaqudgha.
   842 | D        | Found a hazy altar of Hepliaklqana.
   842 | D        | Found a hide-covered altar of Uskayaw.
   842 | D        | Found a basalt altar of Yredelemnul.
   842 | D        | Found an opulent altar of Gozag.
   842 | D        | Found a snail-covered altar of Cheibriados.
   842 | D        | Found a sacrificial altar of Ru.
   842 | D        | Found a shadowy altar of Dithmenos.
   842 | D        | Noticed a yak
   858 | D        | Killed a yak
   859 | D        | Found a stormy altar of Qazlal.
   859 | D        | Found a blossoming altar of Fedhas.
   859 | D        | Found a bloodstained altar of Trog.
   859 | D        | Found an iron altar of Okawaru.
   859 | D        | Found a glowing golden altar of the Shining One.
   859 | D        | Found a glowing silver altar of Zin.
   859 | D        | Found a white marble altar of Elyvilon.
   860 | D        | Found a sparkling altar of Nemelex Xobeh.
   864 | D        | Bought a potion of heal wounds for 60 gold pieces
  1290 | D        | Found a burning altar of Makhleb.
  1290 | D        | Found a viscous altar of Jiyva.
  1290 | D        | Found a shimmering altar of Xom.
  1290 | D        | Found a corrupted altar of Lugonu.
  1290 | D        | Noticed a slime creature
  1296 | D        | Killed a slime creature
  1297 | D        | Reached XP level 7. HP: 75/75 MP: 6/6
  1552 | D        | Noticed a kobold demonologist
  1554 | D        | Noticed a hellwing
  1557 | D        | Noticed a kobold demonologist
  1569 | D        | Noticed a hellwing
  1575 | D        | Killed a kobold demonologist
  1575 | D        | Reached *** piety under Trog
  1582 | D        | Paralysed by a floating eye for 2 turns
  1584 | D        | HP: 2/78 [kobold demonologist/+0 dagger (4)]
  1587 | D        | Noticed a red devil
  1590 | D        | Mangled by a red devil

Illustrated notes

Levels and vault maps discovered:
D:        dungeon_sprint_1 [red_sonja_temple_1, red_sonja_temple_small_1]

Skill      XL: |  1  2  3  4  5  6  7 |
---------------+----------------------+-----
Fighting       | 5 7 10 11 12 | 12.7
Long Blades    | 5 7 9 12 | 12.8
Armour         | 3 4 5 7 8 |  8.3
Dodging        | 3 4 6 |  6.7
Stealth        | |  0.5

Action                   |  1- 3 |  4- 6 |  7- 9 || total
-------------------------+-------+-------+-------++-------
Melee: Falchion          |    10 |    30 |    32 ||    72
       Headbutt          |     1 |     3 |     3 ||     7
Invok: Berserk           |     2 |     2 |     1 ||     5
  Use: Potion            |       |       |     2 ||     2
Armor: Ring mail         |       |     3 |    21 ||    24
Dodge: Dodged            |     2 |    13 |    30 ||    45
